 Dungeon Crawl Stone Soup version 0.26.1-16-g4e020e15dc (webtiles) character file.

Game seed: 16241959219724672364

1628265 Loveship the Slayer (level 27, 286/286 HPs)
             Began as a Palentonga Fighter on Sept 25, 2023.
             Was the Champion of Okawaru.
             Escaped with the Orb
             ... and 3 runes!
             The game lasted 04:18:00 (83412 turns).

Loveship the Slayer (Palentonga Fighter)           Turns: 83412, Time: 04:18:01

Health: 286/286    AC: 47    Str: 52    XL:     27
Magic:  44/44      EV:  6    Int: 17    God:    Okawaru [******]
Gold:   5723       SH: 38    Dex:  5    Spells: 26/26 levels left

rFire    + + .     SeeInvis +   k - +9 broad axe (drain)
rCold    + + +     Faith    .   R - +8 tower shield of Distant Worlds {rElec rPois Str+4 Int+3}
rNeg     . . .     Spirit   .   P - +11 crystal plate armour
rPois    +         Reflect  +   U - +5 helmet of Rirep {+Fly Str+4}
rElec    +         Harm     .   w - +2 cloak "Xalogop" {rPois Int+3}
rCorr    .         Rampage  .   c - +0 pair of gloves
Will     ++++.                  M - +0 barding of Honour {rElec rF+ rC+ Str+5}
Stlth    ..........             G - amulet of Atitsaupt {Reflect MP+9 Int+3 SH+5 SInv Stlth-}
HPRegen  0.57/turn              N - ring "Jyfapekk" {rF+ rC+++ Will+ Dex-2 Slay+2}
MPRegen  0.29/turn              f - ring "Xecots" {rElec rC+ Str+9 Int-5 Dex-3}

@: no status effects
A: large, rugged brown scales 3, see invisible, clever 1, deformed body,
strong-willed 1, electricity resistance, wild magic 1, MP-powered wands, roll 1,
armoured tail, reflexive curl
0: Orb of Zot
}: 3/15 runes: decaying, serpentine, silver
a: Rolling Charge, Renounce Religion, Evoke Flight, Heroism, Finesse


You escaped.
You worshipped Okawaru.
Okawaru was exalted by your worship.
You visited 11 branches of the dungeon, and saw 53 of its levels.
You also visited: Bailey and Gauntlet.

You collected 10521 gold pieces.
You spent 4798 gold pieces at shops.

Inventory:

Hand Weapons
 k - a +9 broad axe of draining (weapon)
 m - the +8 hand crossbow of the Moon {penet, +Blink rF++ Str-2}
   (Okawaru gifted it to you on level 6 of the Lair of Beasts)

   Ammo fired by it passes through the targets it hits, potentially hitting all
   targets in its path until it reaches maximum range.
   It affects your strength (-2).
   It greatly protects you from fire.
   It lets you blink.
Missiles
 n - 76 javelins
 p - 2051 bolts
 r - 38 atropa-tipped darts
 W - 26 silver javelins
 X - 23 curare-tipped darts
 Z - 10 datura-tipped darts
Armour
 c - a +0 pair of gloves (worn)
 w - the +2 cloak "Xalogop" (worn) {rPois Int+3}
   (You found it on level 5 of the Lair of Beasts)

   It affects your intelligence (+3).
   It protects you from poison.
 M - the +0 barding of Honour (worn) {rElec rF+ rC+ Str+5}
   (Okawaru gifted it to you on level 15 of the Dungeon)

   It affects your strength (+5).
   It protects you from fire.
   It protects you from cold.
   It insulates you from electricity.
 P - a +11 crystal plate armour (worn)
 R - the +8 tower shield of Distant Worlds (worn) {rElec rPois Str+4 Int+3}
   (Okawaru gifted it to you on level 4 of the Depths)

   It affects your strength (+4).
   It affects your intelligence (+3).
   It insulates you from electricity.
   It protects you from poison.
 U - the +5 helmet of Rirep (worn) {+Fly Str+4}
   (You found it in a Gauntlet)

   It affects your strength (+4).
   It lets you fly.
Jewellery
 e - a +4 ring of evasion
 f - the ring "Xecots" (right hand) {rElec rC+ Str+9 Int-5 Dex-3}
   (You acquired it on level 6 of the Lair of Beasts)

   [ring of protection from cold]

   It affects your strength (+9).
   It affects your intelligence (-5).
   It affects your dexterity (-3).
   It protects you from cold.
   It insulates you from electricity.
 G - the amulet of Atitsaupt (around neck) {Reflect MP+9 Int+3 SH+5 SInv Stlth-}
   (You acquired it on level 1 of the Depths)

   [amulet of reflection]

   It shields you and reflects attacks.
   It affects your intelligence (+3).
   It affects your magic capacity (+9).
   It lets you see invisible.
   It affects your SH (+5).
   It makes you less stealthy.
 L - an uncursed amulet of guardian spirit
 N - the ring "Jyfapekk" (left hand) {rF+ rC+++ Will+ Dex-2 Slay+2}
   (You took it off a death knight on level 3 of the Crypt)

   [ring of protection from fire]

   It affects your dexterity (-2).
   It affects your accuracy and damage with ranged weapons and melee attacks
   (+2).
   It protects you from fire.
   It renders you almost immune to cold.
   It affects your willpower, your defense against some magical effects.
Wands
 i - a wand of digging (35)
 o - a wand of disintegration (44)
 K - a wand of iceblast (53)
 Q - a wand of acid (15)
Scrolls
 b - 4 scrolls of fear
 l - 8 scrolls of immolation
 v - 3 scrolls of silence
 y - 8 scrolls of blinking
 E - 32 scrolls of teleportation
 I - 7 scrolls of fog
 O - 2 scrolls of holy word
 S - 7 scrolls of summoning
 T - 2 scrolls of torment
 V - 10 scrolls of magic mapping
Potions
 a - 16 potions of attraction
 d - 8 potions of flight
 h - 2 potions of invisibility
 j - 10 potions of magic
 q - 4 potions of resistance
 u - 25 potions of curing
 x - 5 potions of cancellation
 z - 10 potions of heal wounds
 A - 16 potions of lignification
 B - 7 potions of might
 F - 12 potions of haste
 H - 4 potions of ambrosia
Miscellaneous
 g - a lightning rod (4/4)
 s - a box of beasts
 C - a phial of floods
 D - a phantom mirror
 J - a condenser vane
 Y - a tin of tremorstones (2/2)


   Skills:
 * Level 25.9 Fighting
 - Level 20.0 Axes
 - Level 14.2 Crossbows
 - Level 16.0 Throwing
 - Level 13.0 Armour
 - Level 8.7 Dodging
 - Level 15.5 Shields
 - Level 17.7 Invocations
 + Level 13.1 Evocations


You had 26 spell levels left.
You didn't know any spells.
Your spell library contained the following spells:

 Spells                   Type           Power        Failure   Level
 Animate Skeleton         Necr           0%           86%         1
 Apportation              Tloc           0%           86%         1
 Corona                   Hex            0%           86%         1
 Magic Dart               Conj           0%           86%         1
 Sandblast                Erth           0%           86%         1
 Shock                    Conj/Air       0%           86%         1
 Sting                    Tmut/Pois      0%           86%         1
 Summon Small Mammal      Summ           0%           86%         1
 Corpse Rot               Necr/Air       N/A          94%         2
 Passwall                 Tmut/Erth      0%           94%         2
 Poisonous Vapours        Pois/Air       0%           94%         2
 Sublimation of Blood     Necr           0%           94%         2
 Swiftness                Air            0%           94%         2
 Dazzling Flash           Conj/Hex       0%           99%         3
 Ignite Poison            Fire/Tmut/Pois 0%           99%         3
 Mephitic Cloud           Conj/Pois/Air  0%           99%         3
 Static Discharge         Conj/Air       0%           99%         3
 Stone Arrow              Conj/Erth      0%           99%         3
 Teleport Other           Tloc           0%           99%         3
 Tukima's Dance           Hex            0%           99%         3
 Airstrike                Air            0%           100%        4
 Animate Dead             Necr           0%           100%        4
 Fulminant Prism          Conj/Hex       0%           100%        4
 Leda's Liquefaction      Hex/Erth       0%           100%        4
 Olgreb's Toxic Radiance  Pois           0%           100%        4
 Passage of Golubria      Tloc           N/A          100%        4
 Petrify                  Tmut/Erth      0%           100%        4
 Sticky Flame             Conj/Fire      0%           100%        4
 Summon Lightning Spire   Summ/Air       0%           100%        4
 Alistair's Intoxication  Tmut/Pois      0%           100%        5
 Bolt of Magma            Conj/Fire/Erth 0%           100%        5
 Borgnjor's Vile Clutch   Necr/Erth      0%           100%        5
 Fireball                 Conj/Fire      0%           100%        5
 Irradiate                Conj/Tmut      0%           100%        5
 Iskenderun's Battlesphe  Conj           0%           100%        5
 Lee's Rapid Deconstruct  Erth           0%           100%        5
 Lightning Bolt           Conj/Air       0%           100%        5
 Silence                  Hex/Air        0%           100%        5
 Summon Demon             Summ           0%           100%        5
 Summon Forest            Summ/Tloc      0%           100%        5
 Summon Mana Viper        Hex/Summ       0%           100%        5
 Conjure Ball Lightning   Conj/Air       0%           100%        6
 Death Channel            Necr           0%           100%        6
 Eringya's Noxious Bog    Tmut/Pois      0%           100%        6
 Hydra Form               Tmut           0%           100%        6
 Iron Shot                Conj/Erth      0%           100%        6
 Shadow Creatures         Summ           N/A          100%        6
 Simulacrum               Ice/Necr       0%           100%        6
 Starburst                Conj/Fire      0%           100%        6
 Statue Form              Tmut/Erth      0%           100%        6
 Haunt                    Necr/Summ      0%           100%        7
 Orb of Destruction       Conj           0%           100%        7
 Spellforged Servitor     Conj/Summ      0%           100%        7
 Summon Hydra             Summ           0%           100%        7
 Borgnjor's Revivificati  Necr           0%           100%        8
 Disjunction              Tloc           0%           100%        8
 Ignition                 Fire           0%           100%        8
 Infestation              Necr           0%           100%        8
 Necromutation            Tmut/Necr      0%           100%        8
 Death's Door             Necr           0%           100%        9
 Shatter                  Erth           0%           100%        9
 Tornado                  Air            0%           100%        9


Dungeon Overview and Level Annotations

Branches:
Dungeon (15/15)            Temple (1/1) D:6            Lair (6/6) D:9
  Swamp (4/4) Lair:3        Snake (4/4) Lair:4        Slime (0/5) Lair:6
    Orc (2/2) D:11            Elf (3/3) Orc:2        Vaults (5/5) D:13
  Crypt (3/3) Vaults:3       Tomb (0/3) Crypt:3      Depths (5/5) D:15
    Zot (5/5) Depths:5     Bailey (visited)         Gauntlet (visited)

Altars:
Ashenzari
Cheibriados
Dithmenos
Elyvilon
Fedhas
Gozag
Hepliaklqana
Kikubaaqudgha
Makhleb
Nemelex Xobeh
Okawaru
Qazlal
Ru
Sif Muna
Trog
Uskayaw
Vehumet
Wu Jian
Xom
Yredelemnul
Zin
The Shining One
Beogh
Lugonu

Shops:
D:7 }   D:14 (   D:15 !   Orc:1 }   Orc:2 [=![   Elf:1 =   Elf:3 [
Vaults:5 ?!!   Depths:1 (([*

Portals:
Hell: Depths:1 Depths:2 Depths:3 Depths:4 Depths:5
Abyss: Depths:2 Depths:3* Depths:4
Pandemonium: Depths:3
Ziggurat: Depths:2
Trove: Vaults:1 (give 16 scrolls of teleportation)

Annotations:
Zot:5 exclusion: 2 doors


Innate Abilities, Weirdness & Mutations

You are completely covered in rugged brown scales. (AC +3, +7% HP)
You have supernaturally acute eyesight. (SInv)
Armour fits poorly on your strangely shaped body.
You can roll at nearby foes to attack.
You have a long armoured tail.
You curl defensively after being hit.
Your mind is acute. (Int +2)
You are strong-willed. (Will+)
You are resistant to electric shocks. (rElec)
Your spells are a little harder to cast, but a little more powerful.
You expend magic power (3 MP) to strengthen your wands.


Message History

(H) Hell (Z) Zot
Where to? (Enter - D:2, ? - help)
A chaos spawn comes into view.
You block the chaos spawn's attack. You block the chaos spawn's attack.
There is a stone staircase leading up here.
You slash the chaos spawn! You tail-slap the chaos spawn!
The chaos spawn is severely wounded.
You slice the chaos spawn!!
You kill the chaos spawn!
Okawaru accepts your kill.
The chaos spawn degenerates into a cloud of primal chaos!
You climb upwards.
There is a stone staircase leading down here.
There is a stone staircase leading down here.
There is an open door here.
There is an open door here.
An Orb Guardian comes into view.
There is a staircase leading out of the dungeon here.
You have escaped!

#..#.#.##........#######......
####......).........'....#8......
......#...##........####.(..)....
.................X.......#8......
..........##'###'##########......
.....####.#...#...# ##8....
.....# #.#.>.#...# ##.... .....#
#.#..[#[..# ##8.8 .....#
#.#.>.#.@.# ###+# ######
#.#...#...# #.... #.#.>.#...#
#.... #.#...#...# #....
#.##+###'## ##### #........#
#######.######## #.......##
#.####...# ######


You could see an Orb Guardian.

Vanquished Creatures
  Mara (Elf:3)
  4 orbs of fire
  5 ancient liches
  Saint Roka (Vaults:1)
  3 Killer Klowns (Zot:5)
  Vashnia (Snake:3)
  A curse toe (Zot:5)
  5 caustic shrikes
  13 golden dragons
  A profane servitor (Crypt:3)
  A bone dragon (Crypt:3)
  3 liches
  5 electric golems
  2 Tzitzimimeh
  13 tentacled monstrosities
  2 Hell Sentinels
  3 deep elf blademasters (Elf:3)
  23 Orb Guardians
  4 titans
  3 quicksilver dragons
  2 deep elf master archers (Elf:3)
  5 sphinxes
  2 ancient champions
  8 shadow dragons
  8 death cobs
  18 storm dragons
  A thorn hunter (Swamp:4)
  2 draconian monks
  Donald (Snake:1)
  10 tengu reavers
  8 nagarajas (Snake:4)
  3 draconian knights
  A revenant (Crypt:1)
  13 fire giants
  The ghost of Ekaitz the Frost Mage, an adept DsIE of Sif Muna (Snake:4)
  2 orc warlords
  4 ghost moths
  8 frost giants
  2 iron dragons
  Aizul (Snake:1)
  17 vault wardens
  2 cacodemons
  7 deep elf sorcerers
  3 curse skulls
  Louise (Snake:4)
  2 draconian scorchers (Zot:3)
  4 spriggan defenders
  5 draconian shifters
  13 ghouls
  4 deep elf elementalists
  4 draconian annihilators
  16 ironheart preservers
  7 draconian stormcallers
  23 very ugly things
  A reaper (Crypt:2)
  11 deep elf demonologists
  11 vampire knights
  2 entropy weavers
  8 green draconians
  4 black draconians
  11 red draconians
  A bunyip (Swamp:3)
  23 stone giants
  A lorocyproca (Zot:3)
  11 deep elf annihilators
  8 spark wasps
  A minotaur (Gauntlet)
  9 purple draconians
  5 white draconians
  12 yellow draconians
  Snorg (Orc:1)
  A minotaur (shapeshifter) (Crypt:2)
  A green death (Crypt:2)
  6 eleionomae
  15 ettins
  The ghost of roke1 the Cleaver, a journeyman FoFi of Yredelemnul (D:12)
  9 deep elf death magi
  A mummy priest (Crypt:3)
  A crystal guardian (Vaults:3)
  13 eidola
  A fire dragon (shapeshifter) (Vaults:5)
  13 jiangshi
  13 deep elf high priests
  A quicksilver dragon zombie (Crypt:3)
  Harold (D:9)
  7 great orbs of eyes
  2 shambling mangroves
  23 fire dragons
  12 naga warriors
  12 ice dragons
  A hell beast (Depths:5)
  39 vault guards
  13 yaktaur captains
  2 ghost crabs
  4 rakshasas
  A catoblepas (Lair:6)
  Erica (Lair:1)
  7 boulder beetles
  22 hydras
  2 spriggan air magi
  14 ogre magi
  10 centaur warriors
  6 anacondas
  A two-headed ogre (shapeshifter) (Depths:3)
  39 two-headed ogres
  6 alligators
  10 death knights
  11 deep troll shamans
  8 tengu warriors
  28 dancing weapons
  5 deep troll earth magi
  5 shock serpents
  9 vampire magi
  16 naga sharpshooters
  2 spriggans
  Nergalle (D:10)
  2 spriggan berserkers
  Sonja (Lair:4)
  2 soul eaters (Crypt:2)
  30 deep elf knights
  2 storm dragon zombies (Crypt:3)
  7 shadow wraiths
  25 skeletal warriors
  23 slime creatures
  9 iron trolls
  3 sixfirhies
  5 hell knights (Depths:1)
  A storm dragon skeleton (Crypt:1)
  5 unseen horrors
  5 salamander mystics (Snake:4)
  11 flayed ghosts
  3 shadow demons (Depths:2)
  4 glowing orange brains
  8 naga ritualists
  7 wizards
  A spriggan druid (Swamp:2)
  A deep troll (shapeshifter) (Elf:3)
  14 swamp dragons
  A golden dragon zombie (Crypt:3)
  20 deep elf archers
  20 phantasmal warriors
  32 deep trolls
  Pikel (D:9)
  8 goliath frogs
  A bunyip skeleton (Crypt:2)
  An orange crystal statue (Elf:2)
  8 bog bodies
  14 ironbrand convokers
  2 ghost moth zombies
  20 orc knights
  A lindwurm (Lair:6)
  2 harpies (shapeshifter)
  17 harpies
  A wolf spider zombie (Crypt:3)
  11 mana vipers
  2 iron dragon zombies (Crypt:3)
  33 ugly things
  6 orc sorcerers
  A mana viper (shapeshifter) (Vaults:5)
  3 necromancers
  9 cyclopes
  5 will-o-the-wisps
  7 wolf spiders
  A human zombie (Vaults:3)
  63 deep elf magi
  2 manticores (D:13)
  A fire giant zombie (Crypt:3)
  14 moths of wrath
  A worldbinder (Gauntlet)
  8 salamanders
  A stone giant zombie (Vaults:3)
  A moth of wrath (shapeshifter) (Vaults:5)
  3 elephants (Lair:6)
  2 centaur zombies
  31 black mambas
  2 shock serpent zombies (Crypt:3)
  3 guardian serpents
  6 vault sentinels
  A dire elephant zombie (Crypt:3)
  35 naga magi
  An elephant (shapeshifter) (Depths:2)
  2 centaur skeletons
  7 torpor snails
  An orange demon (D:5)
  A hellion (Depths:5)
  A storm dragon simulacrum (Vaults:2)
  An emperor scorpion zombie (Crypt:3)
  5 gargoyles
  9 cane toads
  A yaktaur zombie (Vaults:3)
  2 rime drakes
  14 freezing wraiths
  56 yaktaurs
  An efreet (D:11)
  2 yaktaur skeletons (Vaults:3)
  9 komodo dragons
  A demonic crawler (Crypt:2)
  A white draconian skeleton (Crypt:1)
  A black draconian skeleton (Crypt:1)
  4 ice devils
  8 tengu conjurers
  24 hornets
  A redback zombie (Crypt:1)
  A bloated husk (Swamp:2)
  4 jumping spiders
  14 trolls
  A meliai (shapeshifter) (Depths:5)
  12 polar bears
  2 jumping spiders (shapeshifter)
  11 tyrant leeches
  3 meliai (Gauntlet)
  A raiju (shapeshifter) (Elf:1)
  24 blink frogs
  A blink frog (shapeshifter) (Depths:1)
  Grinder (D:4)
  A wolf spider simulacrum (D:15)
  2 raiju (Lair:6)
  8 dream sheep
  3 ettin zombies (Crypt:3)
  A harpy skeleton (D:15)
  A fire dragon zombie (Crypt:3)
  An ice dragon zombie (Crypt:3)
  5 air elementals
  12 water elementals
  26 yaks
  8 shadows
  4 wyverns
  4 vampires (Crypt:1)
  6 redbacks
  2 large abominations
  12 wraiths
  A hog (shapeshifter) (Vaults:1)
  3 basilisks
  3 fire elementals
  2 chaos spawn
  10 vampire mosquitoes
  46 nagas
  A gelid demonspawn zombie (Crypt:2)
  24 wargs
  3 acid dragons
  A soldier ant (shapeshifter) (Depths:3)
  19 swamp worms
  16 water moccasins
  Edmund (D:4)
  A cane toad zombie (Crypt:2)
  A two-headed ogre skeleton (Crypt:1)
  13 hell hounds (Lair:6)
  13 ice beasts
  12 swamp drakes
  73 orc warriors
  16 black bears
  3 sky beasts
  5 phantoms
  A snapping turtle zombie (Crypt:1)
  An eye of draining (D:14)
  14 boggarts
  16 necrophages
  35 ogres
  34 wolves
  23 centaurs
  A draconian zombie (Crypt:2)
  9 big kobolds
  A palentonga skeleton (Crypt:2)
  18 bullfrogs
  4 gnoll sergeants
  2 wyvern zombies
  A salamander skeleton (Crypt:2)
  An earth elemental (Elf:2)
  A cyclops zombie (Crypt:1)
  6 scorpions
  A troll zombie (Crypt:2)
  10 wyvern skeletons
  A spriggan zombie (Crypt:3)
  5 killer bees
  4 electric eels
  A howler monkey (D:14)
  12 wights
  A vampire bat (D:7)
  A small abomination (Crypt:2)
  A crimson imp (Depths:1)
  2 bullfrog zombies
  6 jellies
  3 hounds
  30 orc wizards
  A human simulacrum (Vaults:2)
  19 orc priests
  Crazy Yiuf (D:7)
  A bullfrog skeleton (D:13)
  Ijyb (D:3)
  3 iguanas
  11 worker ants
  2 hell rats
  A killer bee zombie (D:9)
  A bullfrog simulacrum (D:11)
  A hound zombie (D:11)
  3 hound skeletons
  3 mummies (Crypt:3)
  A worker ant zombie (D:11)
  11 gnolls
  A howler monkey skeleton (D:11)
  13 adders
  6 river rats (D:6)
  2 shadow imps
  4 white imps
  3 ufetubi
  An adder zombie (D:2)
  An adder skeleton (D:6)
  A lava snake skeleton (Crypt:2)
  4 worms (D:2)
  4 leopard geckos
  134 orcs
  A bat (shapeshifter) (Vaults:5)
  8 giant cockroaches
  15 goblins
  15 hobgoblins
  9 jackals
  7 quokkas
  A ball python (D:3)
  A ball python skeleton (D:6)
  13 bats
  4 frilled lizards
  37 kobolds
  A kobold zombie (Crypt:3)
  An orc zombie (Crypt:3)
  2 quokka skeletons (D:7)
  19 rats
  2 crawling corpses (Elf:3)
  3 withered plants (Crypt:3)
2598 creatures vanquished.

Vanquished Creatures (collateral kills)
  A quicksilver dragon (Zot:1)
  A red draconian (Zot:1)
  A yaktaur captain (Vaults:2)
  A two-headed ogre (D:9)
  A glowing orange brain (shapeshifter) (Vaults:2)
  A phantasmal warrior (Vaults:2)
  Maggie (D:7)
  3 yaks (Lair:4)
  An orc warrior (Bailey)
11 creatures vanquished.

Vanquished Creatures (others)
  An ancient lich (Zot:5)
  A fire giant (Vaults:3)
  A draconian scorcher (Zot:3)
  A ghost moth (Zot:3)
  A very ugly thing (Vaults:2)
  A great orb of eyes (Depths:5)
  A rakshasa (Depths:3)
  A hydra (Swamp:1)
  A deep elf knight (Elf:2)
  An ugly thing (Depths:2)
  A black mamba (Snake:4)
  An orc warrior (Elf:1)
  A centaur zombie (D:11)
  A crawling corpse (Elf:3)
  16 foxfires
  71 fungi
  143 plants
  32 withered plants (Crypt:3)
276 creatures vanquished.

Grand Total: 2885 creatures vanquished

Notes
Turn   | Place    | Note
-------+----------+-------------------------------------------
     0 | D:1      | Loveship the Palentonga Fighter began the quest for the
                  | Orb.
     0 | D:1      | Reached XP level 1. HP: 20/20 MP: 1/1
   178 | D:1      | Reached XP level 2. HP: 27/27 MP: 2/2
   839 | D:2      | Reached XP level 3. HP: 30/33 MP: 3/3
  1277 | D:2      | Reached XP level 4. HP: 36/42 MP: 4/4
  1898 | D:3      | Noticed Ijyb
  1900 | D:3      | Killed Ijyb
  1960 | D:3      | Reached skill level 4 in Fighting
  2475 | D:4      | Reached XP level 5. HP: 37/49 MP: 5/5
  2642 | D:4      | Noticed Edmund
  2653 | D:4      | Killed Edmund
  2654 | D:4      | Reached skill level 5 in Axes
  2654 | D:4      | Reached XP level 6. HP: 53/56 MP: 6/6
  2768 | D:4      | Noticed Grinder
  2774 | D:4      | Paralysed by Grinder for 2 turns
  2780 | D:4      | Killed Grinder
  2781 | D:4      | Reached skill level 5 in Fighting
  3193 | D:4      | Gained mutation: You can roll at foes to attack. [potion of
                  | mutation]
  3193 | D:4      | Gained mutation: Your body sometimes deteriorates upon
                  | taking damage. [potion of mutation]
  3193 | D:4      | Gained mutation: You are weak. (Str -2) [potion of
                  | mutation]
  3193 | D:4      | Gained mutation: You can roll a great distance at foes to
                  | attack. [potion of mutation]
  3484 | D:4      | Lost mutation: Your body sometimes deteriorates upon taking
                  | damage. [potion of mutation]
  3484 | D:4      | Lost mutation: You can roll a great distance at foes to
                  | attack. [potion of mutation]
  3484 | D:4      | Lost mutation: You are weak. (Str -2) [potion of mutation]
  3484 | D:4      | Gained mutation: Your spells are a little harder to cast,
                  | but a little more powerful. [potion of mutation]
  3484 | D:4      | Gained mutation: You have a pair of small horns on your
                  | head. [potion of mutation]
  3911 | D:5      | Entered Level 5 of the Dungeon
  3951 | D:5      | Gained mutation: You curl defensively after being hit.
                  | [Palentonga growth]
  3951 | D:5      | Reached XP level 7. HP: 65/65 MP: 7/7
  5110 | D:6      | Found a staircase to the Ecumenical Temple.
  5140 | Temple   | Entered the Ecumenical Temple
  5432 | Temple   | Became a worshipper of Warmaster Okawaru
  5468 | D:6      | Reached skill level 1 in Invocations
  5783 | D:6      | Reached skill level 6 in Fighting
  5783 | D:6      | Reached XP level 8. HP: 70/74 MP: 9/9
  5783 | D:6      | Reached * piety under Okawaru
  6930 | D:6      | Reached ** piety under Okawaru
  7348 | D:6      | Found the +2 ratskin cloak {*Rats rPois rN+ Str-1 Int-1
                  | Dex+1}
  7622 | D:7      | Noticed Maggie
  7628 | D:7      | Killed Maggie
  7629 | D:7      | Reached skill level 7 in Fighting
  7629 | D:7      | Reached XP level 9. HP: 44/84 MP: 12/12
  7770 | D:7      | Found a flagged portal.
  7811 | Bailey   | Entered a bailey
  8030 | Bailey   | Reached *** piety under Okawaru
  8262 | Bailey   | Found a burning altar of Makhleb.
  8546 | D:7      | Found Haunwel's Gadget Boutique.
  8967 | D:7      | Reached skill level 10 in Axes
  9287 | D:7      | Found a runed translucent door.
  9288 | D:7      | Noticed Crazy Yiuf
  9395 | D:7      | Killed Crazy Yiuf
  9654 | D:8      | Reached **** piety under Okawaru
  9655 | D:8      | Reached skill level 5 in Shields
 10116 | D:8      | Reached XP level 10. HP: 56/92 MP: 10/13
 10277 | D:8      | Noticed a centaur warrior
 10283 | D:8      | Killed a centaur warrior
 10283 | D:8      | Received a gift from Okawaru
 10647 | D:8      | Found a blossoming altar of Fedhas.
 11117 | D:9      | Noticed a red ugly thing
 11126 | D:9      | Killed a red ugly thing
 11126 | D:9      | Received a gift from Okawaru
 11343 | D:9      | Noticed Pikel
 11353 | D:9      | Killed Pikel
 11353 | D:9      | Reached ***** piety under Okawaru
 11491 | D:9      | Found a staircase to the Lair.
 11598 | D:9      | Noticed a four-headed hydra
 11598 | D:9      | Noticed a two-headed ogre
 11629 | Lair:1   | Entered Level 1 of the Lair of Beasts
 11864 | Lair:1   | Noticed Erica
 11879 | Lair:1   | Killed Erica
 11879 | Lair:1   | Received a gift from Okawaru
 11880 | Lair:1   | Reached XP level 11. HP: 84/98 MP: 12/14
 13130 | Lair:2   | Noticed a five-headed hydra
 13193 | D:9      | Killed a two-headed ogre
 13194 | D:9      | Reached skill level 1 in Throwing
 13194 | D:9      | Reached skill level 5 in Invocations
 13514 | Lair:2   | Noticed a five-headed hydra
 13523 | Lair:2   | Killed a five-headed hydra
 13820 | Lair:2   | Killed a five-headed hydra
 13820 | Lair:2   | Received a gift from Okawaru
 13961 | Lair:2   | Reached ****** piety under Okawaru
 13969 | Lair:2   | Noticed a five-headed hydra
 13975 | Lair:2   | Killed a six-headed hydra
 14222 | Lair:2   | Noticed a six-headed hydra
 14229 | Lair:2   | Killed a six-headed hydra
 14467 | Lair:2   | Reached XP level 12. HP: 107/107 MP: 16/16
 16038 | Lair:3   | Found a staircase to the Swamp.
 16551 | Lair:4   | Reached skill level 5 in Throwing
 16815 | Lair:4   | Found a staircase to the Snake Pit.
 16989 | Lair:4   | Noticed Sonja
 16990 | Lair:4   | Killed Sonja
 16990 | Lair:4   | Received a gift from Okawaru
 17159 | Lair:4   | Found an iron altar of Okawaru.
 17480 | Lair:4   | Noticed a six-headed hydra
 17487 | Lair:4   | Killed a six-headed hydra
 18911 | Lair:5   | Noticed a five-headed hydra
 18912 | Lair:5   | Reached XP level 13. HP: 112/112 MP: 19/19
 19609 | Lair:5   | Received a gift from Okawaru
 19632 | Lair:5   | Got a twisted battleaxe {god gift}
 19638 | Lair:5   | Identified the +11 battleaxe of Zixiac {vorpal, Str+2}
                  | (Okawaru gifted it to you on level 5 of the Lair of Beasts)
 20183 | Lair:6   | Entered Level 6 of the Lair of Beasts
 20344 | Lair:6   | Received a gift from Okawaru
 20413 | Lair:6   | Got an iridescent hand crossbow {god gift}
 20414 | Lair:6   | Identified the +8 hand crossbow of the Moon {penet, +Blink
                  | rF++ Str-2} (Okawaru gifted it to you on level 6 of the
                  | Lair of Beasts)
 20501 | Lair:6   | Identified a scroll of acquirement
 20502 | Lair:6   | Acquired the ring "Xecots" {rElec rC+ Str+9 Int-5 Dex-3}
 20533 | Lair:6   | HP: 4/112 [wolf (5)]
 20619 | Lair:6   | Reached skill level 10 in Invocations
 20625 | Lair:6   | Found a gate leading to a gauntlet.
 20637 | Gauntlet | Entered a Gauntlet
 20637 | Gauntlet | Found a transporter.
 20637 | Gauntlet | Found a transporter.
 20912 | Gauntlet | Found a transporter.
 20912 | Gauntlet | Found a transporter.
 20921 | Gauntlet | Found a transporter.
 20940 | Gauntlet | Found a transporter.
 20950 | Gauntlet | Found a transporter.
 20950 | Gauntlet | Found a transporter.
 20954 | Gauntlet | Found a transporter.
 20960 | Gauntlet | Found a transporter.
 21010 | Gauntlet | Found a transporter.
 21043 | Gauntlet | Found a transporter.
 21057 | Gauntlet | Found a transporter.
 21158 | Gauntlet | Found a transporter.
 21182 | Gauntlet | Found a transporter.
 21185 | Gauntlet | Found a transporter.
 21383 | Gauntlet | Lost mutation: You can roll at foes to attack. [potion of
                  | mutation]
 21383 | Gauntlet | Lost mutation: Your spells are a little harder to cast, but
                  | a little more powerful. [potion of mutation]
 21383 | Gauntlet | Lost mutation: You have a pair of small horns on your head.
                  | [potion of mutation]
 21383 | Gauntlet | Gained mutation: You have large cloven feet. [potion of
                  | mutation]
 21383 | Gauntlet | Gained mutation: Your flesh is heat resistant. (rF+)
                  | [potion of mutation]
 21383 | Gauntlet | Gained mutation: Your tail ends in a poisonous barb.
                  | [potion of mutation]
 21384 | Gauntlet | Got an ancient helmet
 21390 | Gauntlet | Identified the +5 helmet of Rirep {+Fly Str+4} (You found
                  | it in a Gauntlet)
 21426 | Gauntlet | Got a slimy bone ring
 21427 | Gauntlet | Identified the ring of Peace {rF+ Will+ Int+4} (You found
                  | it in a Gauntlet)
 21749 | Gauntlet | Identified the ring of Otiog {*Corrode Str+9 Int+2 Slay+4}
 21749 | Gauntlet | Noticed a minotaur
 21759 | Gauntlet | Killed a minotaur
 21759 | Gauntlet | Received a gift from Okawaru
 22014 | Lair:6   | Found a staircase to the Slime Pits.
 22713 | Lair:6   | Found a runed translucent door.
 22784 | Lair:6   | Reached XP level 14. HP: 120/120 MP: 21/21
 22851 | Lair:6   | Received a gift from Okawaru
 23597 | D:9      | Noticed Harold
 23605 | D:9      | Killed Harold
 23606 | D:9      | Reached skill level 15 in Axes
 23811 | D:10     | Entered Level 10 of the Dungeon
 23882 | D:10     | Noticed Nergalle
 23891 | D:10     | Killed Nergalle
 24015 | D:10     | Got a distressingly furry buckler
 24021 | D:10     | Identified the +2 buckler of the Eternal Fruit {*Contam
                  | rCorr Str+3} (You found it on level 10 of the Dungeon)
 24965 | D:10     | Received a gift from Okawaru
 25607 | D:11     | Reached skill level 8 in Fighting
 25739 | D:11     | Received a gift from Okawaru
 25801 | D:11     | Got a steaming broad axe
 25802 | D:11     | Identified the +3 broad axe of Laceration {vorpal, rPois
                  | Will+++ Str-5 Dex+4} (You found it on level 11 of the
                  | Dungeon)
 26179 | D:11     | Found a staircase to the Orcish Mines.
 26789 | Orc:1    | Entered Level 1 of the Orcish Mines
 26795 | Orc:1    | Noticed an orc warlord
 26814 | Orc:1    | Killed an orc warlord
 26961 | Orc:2    | Entered Level 2 of the Orcish Mines
 26961 | Orc:2    | Found a roughly hewn altar of Beogh.
 27076 | Orc:2    | Reached skill level 9 in Fighting
 27099 | Orc:2    | Found Acinus's Distillery.
 27099 | Orc:2    | Found Maobel's Antique Armour Shop.
 27101 | Orc:2    | Reached XP level 15. HP: 94/132 MP: 17/23
 27111 | Orc:2    | Found a roughly hewn altar of Beogh.
 27253 | Orc:2    | Bought a potion of ambrosia for 120 gold pieces
 27294 | Orc:2    | Found Killoep's Jewellery Shop.
 27297 | Orc:2    | Found Ybbadduloa's Antique Armour Emporium.
 27409 | Orc:2    | Received a gift from Okawaru
 27415 | Orc:2    | Gained mutation: You are robust. (+10% HP) [a neqoxec]
 28011 | Orc:2    | Found a staircase to the Elven Halls.
 28135 | Orc:1    | Noticed Snorg
 28138 | Orc:1    | Killed Snorg
 28147 | Orc:1    | Found Odium's Gadget Emporium.
 28496 | D:11     | Gained mutation: Your body sometimes deteriorates upon
                  | taking damage. [mutagenic glow]
 28504 | D:11     | Lost mutation: You are robust. (+10% HP) [potion of
                  | mutation]
 28504 | D:11     | Lost mutation: Your body sometimes deteriorates upon taking
                  | damage. [potion of mutation]
 28504 | D:11     | Lost mutation: You have large cloven feet. [potion of
                  | mutation]
 28504 | D:11     | Lost mutation: Your tail ends in a poisonous barb. [potion
                  | of mutation]
 28504 | D:11     | Gained mutation: You can translocate small distances at
                  | will. [potion of mutation]
 28504 | D:11     | Gained mutation: Your tail ends in a poisonous barb.
                  | [potion of mutation]
 28504 | D:11     | Gained mutation: Your tail ends in a sharp poisonous barb.
                  | [potion of mutation]
 28504 | D:11     | Gained mutation: You evolve. [potion of mutation]
 28986 | D:12     | Noticed a shadow dragon
 28988 | D:12     | Noticed an orc warlord
 29001 | D:12     | Killed a shadow dragon
 29006 | D:12     | Killed an orc warlord
 29180 | D:12     | Received a gift from Okawaru
 29398 | D:12     | Found a runed translucent door.
 29400 | D:12     | Found a shimmering altar of Xom.
 29400 | D:12     | Noticed roke1's ghost (journeyman FoFi)
 29759 | D:12     | Killed roke1's ghost
 29890 | D:13     | Gained mutation: Your mind is acute. (Int +2) [evolution]
 30279 | D:13     | Reached skill level 10 in Fighting
 30632 | D:13     | Found a gate to the Vaults.
 31126 | D:14     | Found Amnipp's Weapon Boutique.
 31569 | D:14     | Reached skill level 11 in Fighting
 32483 | D:15     | Entered Level 15 of the Dungeon
 32504 | D:15     | Received a gift from Okawaru
 32506 | D:15     | Reached XP level 16. HP: 127/146 MP: 20/25
 32640 | D:15     | Found a shadowy altar of Dithmenos.
 32699 | D:15     | Found Lajoahae's Distillery.
 32864 | D:15     | Received a gift from Okawaru
 32870 | D:15     | Got an ichor-stained barding {god gift}
 32881 | D:15     | Identified the +0 barding of Honour {rElec rF+ rC+ Str+5}
                  | (Okawaru gifted it to you on level 15 of the Dungeon)
 32936 | D:15     | Found a staircase to the Depths.
 33751 | Snake:1  | Entered Level 1 of the Snake Pit
 33877 | Snake:1  | Noticed Donald
 33888 | Snake:1  | Killed Donald
 33898 | Snake:1  | Noticed Aizul
 33912 | Snake:1  | Reached skill level 12 in Fighting
 33927 | Snake:1  | Killed Aizul
 34460 | Snake:1  | Found a snail-covered altar of Cheibriados.
 34653 | Snake:2  | Found a bloodstained altar of Trog.
 35991 | Snake:2  | Received a gift from Okawaru
 35998 | Snake:2  | Reached skill level 13 in Fighting
 36489 | Snake:3  | Noticed Vashnia
 36510 | Snake:3  | Killed Vashnia
 36851 | Snake:3  | Received a gift from Okawaru
 37019 | Snake:3  | Received a gift from Okawaru
 37020 | Snake:3  | Reached XP level 17. HP: 152/160 MP: 22/27
 37717 | Snake:4  | Entered Level 4 of the Snake Pit
 38203 | Snake:4  | Reached XP level 18. HP: 170/170 MP: 29/29
 38236 | Snake:4  | Reached skill level 1 in Evocations
 38240 | Snake:4  | Reached skill level 14 in Fighting
 38241 | Snake:4  | Received a gift from Okawaru
 38704 | Snake:4  | Reached skill level 5 in Evocations
 39360 | Snake:4  | Received a gift from Okawaru
 39575 | Snake:4  | Got a serpentine rune of Zot
 39836 | Snake:4  | Found a runed translucent gate.
 39837 | Snake:4  | Found a runed translucent gate.
 39838 | Snake:4  | Found a runed translucent gate.
 39839 | Snake:4  | Noticed Ekaitz's ghost (adept DsIE)
 39869 | Snake:4  | Identified the +8 tower shield "Azeom" {*Contam +Fly Str+3}
 39869 | Snake:4  | Noticed Louise
 39885 | Snake:4  | Killed Louise
 40224 | Snake:4  | Killed Ekaitz's ghost
 40229 | Snake:4  | Identified the Compendium of the Peculiar Beggars
 40957 | Orc:2    | Bought a pair of gloves for 126 gold pieces
 41176 | Swamp:1  | Entered Level 1 of the Swamp
 41195 | Swamp:1  | Reached skill level 10 in Shields
 41702 | Swamp:1  | Gained mutation: Your spells are a little harder to cast,
                  | but a little more powerful. [evolution]
 42272 | Swamp:2  | Reached XP level 19. HP: 175/180 MP: 28/30
 43936 | Swamp:4  | Entered Level 4 of the Swamp
 44003 | Swamp:4  | Received a gift from Okawaru
 44059 | Swamp:4  | Received a gift from Okawaru
 44134 | Swamp:4  | Received a gift from Okawaru
 44381 | Swamp:4  | Got a warped barding {god gift}
 44387 | Swamp:4  | Identified the +1 barding of Intercession {rN+ rCorr Dex+4}
                  | (Okawaru gifted it to you on level 4 of the Swamp)
 44585 | Swamp:4  | Got a decaying rune of Zot
 46456 | Elf:1    | Entered Level 1 of the Elven Halls
 46553 | Elf:1    | Reached skill level 15 in Fighting
 46747 | Elf:1    | Found Nirchuu's Jewellery Shoppe.
 47247 | Elf:1    | Found a runed translucent gate.
 47247 | Elf:1    | Found a runed translucent gate.
 47247 | Elf:1    | Found a runed translucent gate.
 47247 | Elf:1    | Found a runed translucent gate.
 47247 | Elf:1    | Gained mutation: You tend to lose your temper in combat. [a
                  | neqoxec]
 47248 | Elf:1    | Found a runed translucent gate.
 47250 | Elf:1    | Reached skill level 5 in Armour
 47251 | Elf:1    | Found a runed translucent gate.
 47778 | Elf:1    | Received a gift from Okawaru
 48094 | Elf:1    | Gained mutation: You are strong-willed. (Will+) [evolution]
 48123 | Elf:1    | Got a glimmering war axe {god gift}
 48124 | Elf:1    | Identified the +6 war axe of Eternal Harmony {flame,
                  | Fragile +Rage Stlth+} (Okawaru gifted it to you on level 1
                  | of the Elven Halls)
 48157 | Elf:1    | Lost mutation: You are strong-willed. (Will+) [potion of
                  | mutation]
 48157 | Elf:1    | Lost mutation: Your flesh is heat resistant. (rF+) [potion
                  | of mutation]
 48157 | Elf:1    | Lost mutation: You tend to lose your temper in combat.
                  | [potion of mutation]
 48157 | Elf:1    | Lost mutation: You can translocate small distances at will.
                  | [potion of mutation]
 48157 | Elf:1    | Gained mutation: You are clumsy. (Dex -2) [potion of
                  | mutation]
 48157 | Elf:1    | Lost mutation: You are clumsy. (Dex -2) [potion of
                  | mutation]
 48157 | Elf:1    | Gained mutation: You can roll at foes to attack. [potion of
                  | mutation]
 48712 | Elf:2    | Reached XP level 20. HP: 190/190 MP: 31/31
 48730 | Elf:2    | Found a huge runed translucent gate.
 48730 | Elf:2    | Found a huge runed translucent gate.
 48730 | Elf:2    | Found a huge runed translucent gate.
 48730 | Elf:2    | Found a huge runed translucent gate.
 48730 | Elf:2    | Found a huge runed translucent gate.
 49288 | Elf:2    | Received a gift from Okawaru
 49491 | Elf:3    | Entered Level 3 of the Elven Halls
 49531 | Elf:3    | Found Niatui's Antique Armour Shop.
 50023 | Elf:3    | Noticed Mara
 50028 | Elf:3    | Noticed Loveship's illusion
 50042 | Elf:3    | Killed Mara
 50342 | Elf:3    | Received a gift from Okawaru
 50424 | Elf:3    | Identified the +6 eveningstar of True Grit {flame, Int+6
                  | Dex+8}
 50488 | Elf:3    | Identified the +10 mace of the Freezing Shark {venom,
                  | *Corrode rElec Int+8 Dex-2}
 50726 | Elf:3    | Lost mutation: Your tail ends in a sharp poisonous barb.
                  | [evolution]
 50733 | Elf:3    | Reached skill level 16 in Fighting
 50753 | Elf:3    | Identified the Grimoire of Lightness and Envenoming
 50820 | Elf:3    | Identified the Grimoire of Beguiling
 51615 | Depths:1 | Entered Level 1 of the Depths
 51735 | Vaults:1 | Entered Level 1 of the Vaults
 51933 | Vaults:1 | Received a gift from Okawaru
 51946 | Vaults:1 | Reached skill level 15 in Shields
 51946 | Vaults:1 | Reached XP level 21. HP: 196/201 MP: 30/32
 51956 | Vaults:1 | Got a smoking war axe {god gift}
 51957 | Vaults:1 | Identified the +3 war axe "Epusakh" {vorpal, rElec Will++
                  | Str+2 Stlth-} (Okawaru gifted it to you on level 1 of the
                  | Vaults)
 52535 | Vaults:1 | Received a gift from Okawaru
 52609 | Vaults:1 | Found a portal to a secret trove of treasure.
 52767 | Vaults:1 | Noticed Saint Roka
 52815 | Vaults:1 | Killed Saint Roka
 52816 | Vaults:1 | Reached skill level 10 in Armour
 53529 | Vaults:2 | Reached skill level 1 in Crossbows
 53797 | Vaults:2 | Reached skill level 5 in Crossbows
 53992 | Vaults:2 | Received a gift from Okawaru
 54396 | Vaults:2 | Gained mutation: You have an increased reservoir of magic.
                  | (+10% MP) [evolution]
 54459 | Vaults:2 | Received a gift from Okawaru
 55321 | Vaults:2 | Reached XP level 22. HP: 209/209 MP: 36/36
 57533 | Vaults:3 | Received a gift from Okawaru
 57627 | Vaults:3 | Reached skill level 10 in Crossbows
 57722 | Vaults:3 | Received a gift from Okawaru
 57804 | Vaults:3 | Acquired a manual of Crossbows
 58189 | Vaults:3 | Reached skill level 10 in Throwing
 58276 | Vaults:3 | Found a staircase to the Crypt.
 58276 | Vaults:3 | Found an ancient bone altar of Kikubaaqudgha.
 58276 | Vaults:3 | Found a basalt altar of Yredelemnul.
 59666 | Vaults:4 | Received a gift from Okawaru
 60121 | Vaults:5 | Entered Level 5 of the Vaults
 60127 | Vaults:5 | Received a gift from Okawaru
 60128 | Vaults:5 | Reached XP level 23. HP: 206/218 MP: 34/37
 60257 | Vaults:5 | Identified the +12 quarterstaff of Moral Flaws {freeze,
                  | Will+ Str-2 Dex+3}
 60699 | Vaults:5 | Noticed an ancient lich
 60715 | Vaults:5 | Killed an ancient lich
 60746 | Vaults:5 | Received a gift from Okawaru
 61219 | Vaults:5 | Received a gift from Okawaru
 61219 | Vaults:5 | Noticed an ancient lich
 61220 | Vaults:5 | Found Qaos's Distillery.
 61240 | Vaults:5 | Killed an ancient lich
 61275 | Vaults:5 | Found Elirghug's Distillery.
 61290 | Vaults:5 | Received a gift from Okawaru
 61308 | Vaults:5 | Reached skill level 15 in Throwing
 61344 | Vaults:5 | Found Awi Saczie's Magic Scroll Boutique.
 61479 | Vaults:5 | Lost mutation: Your mind is acute. (Int +2) [evolution]
 62065 | Vaults:5 | Got a silver rune of Zot
 62224 | Vaults:5 | Identified the +8 battleaxe "Keoxotse" {vamp, Will++ SInv}
 62224 | Vaults:5 | Identified the +1 leather armour of Naruty {rPois rC+ MP-9}
 62984 | Depths:1 | Reached skill level 17 in Fighting
 62984 | Depths:1 | Reached XP level 24. HP: 211/228 MP: 34/37
 62993 | Depths:1 | Found a shimmering altar of Xom.
 63177 | Depths:1 | Received a gift from Okawaru
 63855 | Depths:1 | Found Qaehel's Antique Armour Shoppe.
 63857 | Depths:1 | Found Olebrulu's General Store.
 63857 | Depths:1 | Found Hatzo's Antique Weapon Emporium.
 63860 | Depths:1 | Found Wisuut's Antique Weapon Emporium.
 63865 | Depths:1 | Bought a scroll of acquirement for 1144 gold pieces
 63865 | Depths:1 | Acquired the amulet of Atitsaupt {Reflect MP+9 Int+3 SH+5
                  | SInv Stlth-}
 64061 | Depths:1 | Found a gateway to Hell.
 64111 | Depths:2 | Received a gift from Okawaru
 64112 | Depths:2 | Reached skill level 18 in Fighting
 64400 | Depths:2 | Received a gift from Okawaru
 64527 | Depths:2 | Found a gateway to a ziggurat.
 64530 | Depths:2 | Received a gift from Okawaru
 64713 | Depths:2 | Identified the ring of Oqeppamm {Str+6 Stlth+}
 64748 | Depths:2 | Found a shadowy altar of Dithmenos.
 65176 | Depths:2 | Found a one-way gate to the infinite horrors of the Abyss.
 65403 | Depths:3 | Reached skill level 1 in Dodging
 65469 | Depths:3 | Reached skill level 19 in Fighting
 65485 | Depths:3 | Reached XP level 25. HP: 242/242 MP: 37/37
 65513 | Depths:3 | Found a one-way gate leading to the halls of Pandemonium.
 66013 | Depths:3 | Found a corrupted altar of Lugonu.
 66536 | Depths:4 | Gained mutation: You are weak. (Str -2) [evolution]
 66556 | Depths:4 | Received a gift from Okawaru
 67735 | Depths:5 | Entered Level 5 of the Depths
 67760 | Depths:4 | Reached skill level 20 in Fighting
 67771 | Depths:4 | Received a gift from Okawaru
 67887 | Depths:5 | Reached skill level 5 in Dodging
 68044 | Depths:4 | Got a slimy tower shield {god gift}
 68055 | Depths:4 | Identified the +8 tower shield of Distant Worlds {rElec
                  | rPois Str+4 Int+3} (Okawaru gifted it to you on level 4 of
                  | the Depths)
 68056 | Depths:4 | Lost mutation: You have an increased reservoir of magic.
                  | (+10% MP) [mutagenic glow]
 68114 | Depths:4 | Lost mutation: Your tail ends in a poisonous barb. [potion
                  | of mutation]
 68114 | Depths:4 | Lost mutation: You are weak. (Str -2) [potion of mutation]
 68114 | Depths:4 | Gained mutation: Your body sometimes deteriorates upon
                  | taking damage. [potion of mutation]
 68114 | Depths:4 | Gained mutation: Your natural rate of healing is unusually
                  | fast. [potion of mutation]
 68114 | Depths:4 | Gained mutation: You are agile. (Dex +2) [potion of
                  | mutation]
 68114 | Depths:4 | Gained mutation: You are robust. (+10% HP) [potion of
                  | mutation]
 68115 | Depths:4 | Lost mutation: You can roll at foes to attack. [potion of
                  | mutation]
 68115 | Depths:4 | Lost mutation: Your body sometimes deteriorates upon taking
                  | damage. [potion of mutation]
 68115 | Depths:4 | Lost mutation: You are agile. (Dex +2) [potion of mutation]
 68115 | Depths:4 | Gained mutation: You are clumsy. (Dex -2) [potion of
                  | mutation]
 68115 | Depths:4 | Gained mutation: You have sharp fingernails. [potion of
                  | mutation]
 68115 | Depths:4 | Gained mutation: You have a pair of small horns on your
                  | head. [potion of mutation]
 68115 | Depths:4 | Gained mutation: You possess an exceptional clarity of
                  | mind. [potion of mutation]
 68116 | Depths:4 | Lost mutation: You have a pair of small horns on your head.
                  | [potion of mutation]
 68116 | Depths:4 | Gained mutation: You have a pair of small horns on your
                  | head. [potion of mutation]
 68117 | Depths:4 | Lost mutation: You have sharp fingernails. [potion of
                  | mutation]
 68117 | Depths:4 | Lost mutation: Your spells are a little harder to cast, but
                  | a little more powerful. [potion of mutation]
 68117 | Depths:4 | Lost mutation: Your natural rate of healing is unusually
                  | fast. [potion of mutation]
 68117 | Depths:4 | Gained mutation: You have large cloven feet. [potion of
                  | mutation]
 68117 | Depths:4 | Gained mutation: Your muscles are strong. (Str +2) [potion
                  | of mutation]
 68296 | D:15     | Bought 2 potions of mutation for 224 gold pieces
 68296 | D:15     | Bought a potion of mutation for 112 gold pieces
 68526 | Vaults:5 | Bought 2 potions of mutation for 224 gold pieces
 68526 | Vaults:5 | Lost mutation: You are robust. (+10% HP) [potion of
                  | mutation]
 68526 | Vaults:5 | Lost mutation: You have a pair of small horns on your head.
                  | [potion of mutation]
 68526 | Vaults:5 | Gained mutation: Your body sometimes deteriorates upon
                  | taking damage. [potion of mutation]
 68526 | Vaults:5 | Gained mutation: Your flesh is cold resistant. (rC+)
                  | [potion of mutation]
 68527 | Vaults:5 | Lost mutation: Your body sometimes deteriorates upon taking
                  | damage. [potion of mutation]
 68527 | Vaults:5 | Lost mutation: You are clumsy. (Dex -2) [potion of
                  | mutation]
 68527 | Vaults:5 | Lost mutation: You evolve. [potion of mutation]
 68527 | Vaults:5 | Lost mutation: You possess an exceptional clarity of mind.
                  | [potion of mutation]
 68527 | Vaults:5 | Gained mutation: You are resistant to electric shocks.
                  | (rElec) [potion of mutation]
 68527 | Vaults:5 | Gained mutation: Your muscles are very strong. (Str +4)
                  | [potion of mutation]
 68527 | Vaults:5 | Gained mutation: You possess an exceptional clarity of
                  | mind. [potion of mutation]
 69109 | Depths:5 | Found a gate to the Realm of Zot.
 69953 | Vaults:5 | Bought a scroll of enchant armour for 112 gold pieces
 69954 | Vaults:5 | Bought a scroll of summoning for 142 gold pieces
 69954 | Vaults:5 | Bought a scroll of blinking for 112 gold pieces
 69954 | Vaults:5 | Bought a scroll of summoning for 142 gold pieces
 69954 | Vaults:5 | Bought a scroll of teleportation for 45 gold pieces
 70340 | D:15     | Bought a potion of magic for 112 gold pieces
 70340 | D:15     | Bought a potion of curing for 42 gold pieces
 70340 | D:15     | Bought a potion of haste for 140 gold pieces
 70340 | D:15     | Bought 2 potions of lignification for 84 gold pieces
 70340 | D:15     | Bought a potion of curing for 42 gold pieces
 70340 | D:15     | Bought a potion of lignification for 42 gold pieces
 70340 | D:15     | Bought a potion of flight for 42 gold pieces
 70340 | D:15     | Bought a potion of flight for 42 gold pieces
 70340 | D:15     | Bought a potion of heal wounds for 70 gold pieces
 70340 | D:15     | Bought a potion of curing for 42 gold pieces
 70340 | D:15     | Bought a potion of magic for 112 gold pieces
 70524 | Orc:2    | Bought a potion of might for 60 gold pieces
 70524 | Orc:2    | Bought a potion of heal wounds for 75 gold pieces
 70524 | Orc:2    | Bought a potion of heal wounds for 75 gold pieces
 70524 | Orc:2    | Bought 2 potions of lignification for 90 gold pieces
 70524 | Orc:2    | Bought a potion of attraction for 45 gold pieces
 70524 | Orc:2    | Bought a potion of curing for 45 gold pieces
 70812 | Vaults:5 | Bought a potion of heal wounds for 75 gold pieces
 70812 | Vaults:5 | Bought a potion of attraction for 45 gold pieces
 70812 | Vaults:5 | Bought a potion of magic for 120 gold pieces
 70812 | Vaults:5 | Bought a potion of heal wounds for 75 gold pieces
 70812 | Vaults:5 | Bought a potion of haste for 150 gold pieces
 70812 | Vaults:5 | Bought a potion of heal wounds for 75 gold pieces
 70812 | Vaults:5 | Bought a potion of might for 60 gold pieces
 70812 | Vaults:5 | Bought a potion of attraction for 45 gold pieces
 70824 | Vaults:5 | Bought 2 potions of flight for 84 gold pieces
 70824 | Vaults:5 | Bought a potion of lignification for 42 gold pieces
 70824 | Vaults:5 | Bought a potion of curing for 42 gold pieces
 70824 | Vaults:5 | Bought a potion of resistance for 140 gold pieces
 70824 | Vaults:5 | Bought a potion of haste for 140 gold pieces
 70824 | Vaults:5 | Bought a potion of curing for 42 gold pieces
 71456 | Crypt:1  | Entered Level 1 of the Crypt
 71578 | Crypt:1  | Received a gift from Okawaru
 71627 | Crypt:1  | Reached XP level 26. HP: 249/258 MP: 34/34
 71667 | Crypt:1  | Found a basalt altar of Yredelemnul.
 71669 | Crypt:1  | Received a gift from Okawaru
 71696 | Crypt:1  | Reached skill level 21 in Fighting
 72962 | Crypt:2  | Found a runed translucent gate.
 72962 | Crypt:2  | Found a runed translucent gate.
 72962 | Crypt:2  | Found a runed translucent gate.
 73078 | Crypt:2  | Received a gift from Okawaru
 73337 | Crypt:3  | Entered Level 3 of the Crypt
 73659 | Crypt:3  | Found the +5 robe of Misfortune {*Contam Harm *Corrode
                  | *Drain *Slow EV+5}
 73668 | Crypt:3  | Identified the ring "Jyfapekk" {rF+ rC+++ Will+ Dex-2
                  | Slay+2}
 73734 | Crypt:3  | Received a gift from Okawaru
 73886 | Crypt:3  | Received a gift from Okawaru
 73935 | Crypt:3  | Found a basalt altar of Yredelemnul.
 74123 | Crypt:3  | Reached skill level 22 in Fighting
 74287 | Crypt:3  | Found a staircase to the Tomb.
 74431 | Crypt:3  | Paralysed by a lich for 7 turns
 75966 | Zot:1    | Entered Level 1 of the Realm of Zot
 75974 | Zot:1    | Reached skill level 15 in Invocations
 76164 | Zot:1    | Received a gift from Okawaru
 76811 | Vaults:5 | Got a dazzling cloak
 76817 | Vaults:5 | Identified the +0 cloak of Kuthra {+Fly Dex+4} (You found
                  | it on level 5 of the Vaults)
 77119 | Lair:5   | Got a translucent cloak
 77125 | Lair:5   | Identified the +2 cloak "Xalogop" {rPois Int+3} (You found
                  | it on level 5 of the Lair of Beasts)
 77614 | Zot:1    | Found a hazy altar of Hepliaklqana.
 77863 | Zot:2    | Reached XP level 27. HP: 273/273 MP: 34/34
 78522 | Zot:3    | Reached skill level 23 in Fighting
 78722 | Zot:3    | Noticed an orb of fire
 78731 | Zot:3    | Killed an orb of fire
 79194 | Zot:3    | Received a gift from Okawaru
 79197 | Zot:3    | Identified the Reference Book on Blows and Bruises
 79475 | Zot:3    | Noticed an orb of fire
 79479 | Zot:3    | Killed an orb of fire
 79480 | Zot:3    | Reached skill level 10 in Evocations
 80624 | Zot:5    | Entered Level 5 of the Realm of Zot
 80655 | Zot:5    | Reached skill level 24 in Fighting
 81447 | Zot:5    | Received a gift from Okawaru
 81583 | Zot:5    | Noticed an ancient lich
 81593 | Zot:5    | Killed an ancient lich
 81593 | Zot:5    | Received a gift from Okawaru
 81594 | Zot:5    | Noticed an ancient lich
 81605 | Zot:5    | Killed an ancient lich
 81810 | Zot:5    | Noticed an ancient lich
 81821 | Zot:5    | Killed an ancient lich
 81907 | Zot:5    | Noticed an orb of fire
 81911 | Zot:5    | Noticed an ancient lich
 81914 | Zot:5    | Killed an orb of fire
 81920 | Zot:5    | Killed an ancient lich
 81941 | Zot:5    | Reached skill level 25 in Fighting
 81973 | Zot:5    | Received a gift from Okawaru
 82306 | Zot:5    | Received a gift from Okawaru
 82342 | Zot:5    | Noticed an orb of fire
 82358 | Zot:5    | Gained mutation: You are frail. (-10% HP) [an orb of fire]
 82362 | Zot:5    | Gained mutation: You are very frail. (-20% HP) [an orb of
                  | fire]
 82363 | Zot:5    | Killed an orb of fire
 82549 | Zot:5    | Lost mutation: Your muscles are very strong. (Str +4)
                  | [potion of mutation]
 82549 | Zot:5    | Lost mutation: You possess an exceptional clarity of mind.
                  | [potion of mutation]
 82549 | Zot:5    | Lost mutation: Your flesh is cold resistant. (rC+) [potion
                  | of mutation]
 82549 | Zot:5    | Gained mutation: Your tail ends in a poisonous barb.
                  | [potion of mutation]
 82549 | Zot:5    | Gained mutation: You expend magic power (3 MP) to
                  | strengthen your wands. [potion of mutation]
 82550 | Zot:5    | Lost mutation: You have large cloven feet. [potion of
                  | mutation]
 82550 | Zot:5    | Lost mutation: Your muscles are strong. (Str +2) [potion of
                  | mutation]
 82550 | Zot:5    | Gained mutation: Your spells are a little harder to cast,
                  | but a little more powerful. [potion of mutation]
 82551 | Zot:5    | Lost mutation: You are very frail. (-20% HP) [potion of
                  | mutation]
 82551 | Zot:5    | Lost mutation: You are frail. (-10% HP) [potion of
                  | mutation]
 82551 | Zot:5    | Lost mutation: Your tail ends in a poisonous barb. [potion
                  | of mutation]
 82551 | Zot:5    | Gained mutation: You are frail. (-10% HP) [potion of
                  | mutation]
 82551 | Zot:5    | Gained mutation: You occasionally shout uncontrollably at
                  | your foes. [potion of mutation]
 82551 | Zot:5    | Gained mutation: Your muscles are strong. (Str +2) [potion
                  | of mutation]
 82552 | Zot:5    | Lost mutation: You are frail. (-10% HP) [potion of
                  | mutation]
 82552 | Zot:5    | Lost mutation: You occasionally shout uncontrollably at
                  | your foes. [potion of mutation]
 82552 | Zot:5    | Lost mutation: You expend magic power (3 MP) to strengthen
                  | your wands. [potion of mutation]
 82552 | Zot:5    | Lost mutation: Your muscles are strong. (Str +2) [potion of
                  | mutation]
 82552 | Zot:5    | Gained mutation: You expend magic power (3 MP) to
                  | strengthen your wands. [potion of mutation]
 82552 | Zot:5    | Gained mutation: You are strong-willed. (Will+) [potion of
                  | mutation]
 82552 | Zot:5    | Gained mutation: Your mind is acute. (Int +2) [potion of
                  | mutation]
 82710 | Zot:5    | Got the Orb of Zot
 83412 | D:$      | Escaped with the Orb!

Illustrated notes

Levels and vault maps discovered:
D:1:      minmay_arrival_up_and_down, layout_basic, dk_noncrumbling_4
D:2:      minmay_kobold_bridge, layout_rooms, lightli_corner_chamber
D:3:      layout_loops_ring, kennysheep_donut, uniq_ijyb
D:4:      layout_basic, uniq_edmund, uniq_grinder
D:5:      layout_gridville, hangedman_decor_slide_cut
D:6:      wander_guarded_unrand_ratskin, layout_basic, temple_green
D:7:      minmay_chambers_of_sixes, layout_loops_ring, serial_shops, shop_coins,
          enter_bailey_5, roderic_batcave, uniq_maggie, uniq_crazy_yiuf_cottage
D:8:      layout_basic, fedhas_altar_fruit_tree, serial_park_tiny_2,
          minmay_diamond_spiral
D:9:      layout_roguey, grunt_lair_entry_orc_guard_hut, uniq_harold, uniq_pikel
D:10:     cheibrodos_orc_bank, layout_irregular_city, uniq_nergalle
D:11:     minmay_the_grid_4x2 [minmay_the_grid_stretched_grid,
          minmay_the_grid_minigrid_small_alt, minmay_the_grid_large_cup,
          minmay_the_grid_spin_star, minmay_the_grid_armoury,
          minmay_the_grid_diamond_grid, minmay_the_grid_minigrid_medium,
          minmay_the_grid_prize_four_corners], layout_loops_ring,
          kennysheep_orc_monster_closet_entryway
D:12:     minmay_two_paths, layout_cave_pods, ebering_ghost_xom,
          nicolae_straight_to_the_point
D:13:     layout_loops_ring, grunt_vaults_entry_fortified,
          serial_bayou_lagoon_a, minmay_fractal_squares_gapless_5
D:14:     layout_roguey, portal_ice_cave_demonic_guard, serial_shops, shop,
          minmay_misc_feat_secret_circle, minmay_unpleasant_kobolds
D:15:     grunt_enter_depths_giant_problem, layout_long_grid,
          nicolae_dithmenos_through_a_glass_darkly, serial_shops, shop_coins,
          chequers_serial_rivers_small_3
Temple:   regret_index_temple_sigil_plot
Lair:1:   layout_regular_city, hangedman_lair_generics_rect, lemuel_fruit_tree,
          uniq_erica
Lair:2:   layout_layer_cave, chequers_serial_rivers_marsh, serial_bayou_shore_a,
          serial_bayou_shore_b
Lair:3:   layout_chaotic_city, nicolae_swamp_entry_splash_gauntlet, st_stairs_8
Lair:4:   layout_loops_ring, dummy_snake_entry, basic_altar,
          beast_lair_carwin_2, uniq_sonja
Lair:5:   layout_hall_layers
Lair:6:   wormcave, layout_cave_pods, hangedman_lair_caniforms_friends,
          minmay_slime_entry_pillars, gauntlet_entry_generic,
          lemuel_fruit_fields
Swamp:1:  layout_basic_swamp, evilmike_swamp_ruin_rubble_2,
          nicolae_swamp_dense_foliage
Swamp:2:  layout_basic_swamp, evilmike_swamp_ruin_wall,
          infiniplex_staircase_pool_2
Swamp:3:  layout_basic_swamp, hangedman_swamp_lotus
Swamp:4:  swamp_basic_johnstein, layout_basic_swamp, swamp_pool1
Snake:1:  layout_onion, basic_altar, uniq_donald, uniq_aizul
Snake:2:  layout_grid_maze, basic_altar
Snake:3:  layout_chambers, drop_trap, uniq_vashnia
Snake:4:  snake_pit, layout_cave_town, ebering_ghost_rock_garden,
          eino_curves_01, uniq_louise
Orc:1:    layout_diamond_mine, serial_shops, nicolae_shop_trees, uniq_snorg
Orc:2:    st_orc_town, layout_caves, basic_altar, nooodl_orcs_dogs
Elf:1:    minmay_elf_arrival_summoners, layout_geoelf_octagon, serial_shops,
          shop, orc_legates
Elf:2:    layout_onion_city, minivault_16, minmay_misc_feat_cross
Elf:3:    minmay_elf_hall_not_hex, layout_geoelf_castle, serial_shops,
          nicolae_shop_behind_doors, grunt_ministairs_12,
          hangedman_elf_simple_split, uniq_mara
Vaults:1: vaults_room_octagon, nicolae_vaults_big_ls,
          nicolae_vaults_stairing_the_circle, nicolae_vaults_triangles,
          ontoclasm_vaults_loading_screen, v_rooms_6, vaults_dpeg_hooks,
          v_alt_pattern_6, ontoclasm_vaults_ring_small,
          ontoclasm_vaults_loading_screen, ontoclasm_vaults_twist,
          ontoclasm_vaults_chip, serial_ice_b, layout_vaults_ring,
          enter_trove_0, uniq_saint_roka
Vaults:2: nicolae_vaults_little_squares_2, hangedman_vaults_restitches,
          v_misc_15, hangedman_vaults_impose, nicolae_vaults_network_quinsquares
          [nicolae_vaults_network_quincunx_subvault,
          nicolae_vaults_network_quincunx_subvault,
          nicolae_vaults_network_quincunx_subvault,
          nicolae_vaults_network_quincunx_subvault], v_rooms_6,
          nicolae_vaults_network_square, st_greater_box_4, v_rooms_1,
          nicolae_vaults_little_squares_4, ontoclasm_vaults_loading_screen,
          nicolae_vaults_little_ls, v_misc_5, layout_vaults_maze_bifur,
          uniq_margery
Vaults:3: dpeg_vaults_monster_box, hangedman_vaults_impose,
          nicolae_vaults_circle_grid_b, v_misc_14, vaults_room_corners,
          nicolae_vaults_yaktaur_gun_rack, hangedman_vaults_locks,
          hangedman_vaults_restitches, minmay_crypt_entry_necro_gods, v_misc_18,
          layout_vaults_omnigrid
Vaults:4: nicolae_vaults_three_branches, v_rooms_4,
          nicolae_vaults_branching_niches, nicolae_vaults_disjoint_gnomons,
          hangedman_vaults_unwind, v_alt_pattern_2, v_alt_pattern_4,
          vaults_room_stairs_pillars, layout_vaults_chaotic_city
Vaults:5: serial_shops
Crypt:1:  layout_misc_corridors, minmay_misc_feat_columns,
          weyrava_vampire_temple, grunt_crypt_arrival_webbed
Crypt:2:  layout_rooms, corexii_leaking_fountain, wad_floor_pattern_1,
          pandoras_box_mu
Crypt:3:  evilmike_haunted_forest
Depths:1: nicolae_legendary_halls, layout_basic, hangedman_geh_valley,
          serial_sigils_hangedman_snap, xom_teletrap_fun, minmay_shoptagon,
          serial_bayou_shore_b
Depths:2: regret_index_dithmenos_brocken_genspenst, layout_cave_pools,
          enter_ziggurat_e, serial_glass, glass_columns_b, glass_columns_a,
          nicolae_abyss_entry_one_way_or_another, hell_entry,
          hangedman_abyss_or_decor_clamps, hangedman_abyss_or_decor_stagger,
          wad_dig_loot
Depths:3: due_chaos_kobolds, layout_gridlike, pan_entry, abyss_entry_glasseish,
          serial_rivers, chequers_serial_rivers_small_b,
          chequers_serial_rivers_micro_a, chequers_serial_rivers_small_3,
          chequers_serial_rivers_micro_e, chequers_serial_rivers_micro_d,
          chequers_serial_rivers_small_b, hangedman_coc_ice_floe,
          kennysheep_generic_room_7
Depths:4: kennysheep_big_flooded_room, layout_honeycomb,
          hangedman_abyss_entry_splay, serial_sigils_hangedman_etch, hell_entry,
          infiniplex_staircase_trident
Depths:5: grunt_zot_entry_alcove, layout_cave_shapes, hell_entry,
          hangedman_abyss_or_decor_jellyfish_corner
Zot:1:    layout_basic, basic_altar
Zot:2:    layout_cellular_growth
Zot:3:    layout_gridlike
Zot:4:    layout_basic
Zot:5:    layout_gridlike, lemuel_golem_globe

Skill      XL: |  1  2  3  4  5  6  7  8  9 10 11 12 13 14 15 16 17 18 19 20 21 22 23 24 25 26 27 |
---------------+----------------------------------------------------------------------------------+-----
Axes           | 3 4 5 6 7 9 10 11 12 13 14 17 18 19 20 | 20.0
Fighting       | 4 5 6 7 9 11 13 14 15 16 17 19 20 22 25 | 25.9
Invocations    | 1 4 6 8 10 11 13 14 15 17 | 17.7
Shields        | 5 8 9 10 13 15 | 15.5
Throwing       | 3 6 9 13 16 | 16.0
Evocations     | 7 8 13 | 13.1
Armour         | 5 9 10 12 13 | 13.0
Crossbows      | 8 10 14 | 14.2
Dodging        | 1 6 8 |  8.7

Action                   |  1- 3 |  4- 6 |  7- 9 | 10-12 | 13-15 | 16-18 | 19-21 | 22-24 | 25-27 || total
-------------------------+-------+-------+-------+-------+-------+-------+-------+-------+-------++-------
Melee: War axe           |   121 |    99 |   197 |       |       |       |       |       |       ||   417
       Tailslap          |     5 |    12 |    33 |    57 |   173 |   102 |   227 |   211 |   279 ||  1099
       Headbutt          |       |       |    59 |    77 |    54 |       |       |       |       ||   190
       Broad axe         |       |       |   107 |   358 |  1108 |   641 |  1138 |   988 |  1331 ||  5671
       Morningstar       |       |       |       |    25 |    30 |     1 |    39 |       |       ||    95
       Kick              |       |       |       |       |   182 |       |       |       |   457 ||   639
 Fire: Hand crossbow     |       |       |       |       |     7 |       |       |   235 |   237 ||   479
Throw: Boomerang         |       |       |    39 |       |       |       |       |       |       ||    39
       Javelin           |       |       |       |       |     2 |     4 |     3 |       |     2 ||    11
Invok: Heroism           |       |       |       |     1 |     3 |     1 |     2 |       |     2 ||     9
       Finesse           |       |       |       |       |     4 |     3 |     5 |     1 |     4 ||    17
 Abil: Rolling Charge    |    23 |    14 |    49 |    71 |   234 |   153 |   217 |   138 |   186 ||  1085
Evoke: Condenser vane    |       |       |       |       |       |     1 |     1 |       |     1 ||     3
       Wand              |       |       |       |       |       |       |       |       |     3 ||     3
  Use: Scroll            |       |     4 |     9 |    15 |    23 |     5 |    13 |     5 |     6 ||    80
       Potion            |       |     3 |     2 |     1 |     3 |     3 |     2 |       |    19 ||    33
 Stab: Distracted        |       |       |       |     4 |       |       |     1 |     1 |       ||     6
       Confused          |       |       |       |       |     3 |       |     1 |       |       ||     4
Armor: Scale mail        |    66 |    31 |       |       |       |       |       |       |       ||    97
       Ring mail         |       |       |   118 |   180 |   180 |       |       |       |       ||   478
       Chain mail        |       |       |       |       |   394 |   222 |    92 |       |       ||   708
       Crystal plate arm |       |       |       |       |       |       |   220 |   303 |   411 ||   934
Dodge: Dodged            |    28 |    16 |    78 |    72 |   162 |    53 |    45 |    41 |    92 ||   587
Block: Kite shield       |    68 |    34 |   158 |   228 |   441 |   304 |       |       |       ||  1233
       Buckler           |       |       |       |       |    96 |       |       |       |       ||    96
       Tower shield      |       |       |       |       |       |    65 |  1014 |  1036 |  1479 ||  3594
       Reflection        |       |       |       |       |       |       |       |    30 |    36 ||    66
